 Dungeon Crawl Stone Soup version 0.30-a0-1103-g25895a7845 (webtiles) character file.

Game seed: 15063192395442334744

20 jlumianski the Trooper (level 2, 0/24 HPs)
             Began as a Demonspawn Fighter on Apr 19, 2023.
             Slain by Sigmund
             ... wielding a +0 scythe
              (8 damage)
             ... on level 2 of the Dungeon.
             The game lasted 00:02:39 (982 turns).

jlumianski the Trooper (Demonspawn Fighter)          Turns: 982, Time: 00:02:40

Health: 0/24       AC:  8    Str: 16    XL:     2   Next: 58%
Magic:  2/2        EV:  8    Int:  9    God:
Gold:   40         SH:  9    Dex: 12    Spells: 1/1 levels left

rFire   . . .      SeeInvis .    a - +0 war axe
rCold   . . .      Faith    .    c - +0 buckler
rNeg    . . .      Spirit   .    b - +0 scale mail
rPois   .          Reflect  +    m - +2 hat
rElec   .          Rampage  .    (no cloak)
rCorr   .                        (no gloves)
Will    .....                    (no boots) Stlth
                                 l - amulet of reflection
HPRegen 0.24/turn                (no ring)
MPRegen 0.08/turn                (no ring)

@: mighty
A: condensation shield
a: no special abilities


You were on level 2 of the Dungeon.
You visited 1 branch of the dungeon, and saw 2 of its levels.

You collected 40 gold pieces.

Inventory:

Hand Weapons
 a - a +0 war axe (weapon)
 e - a +1 hand axe of freezing
 p - a +0 vampiric whip
Missiles
 g - 11 stones (quivered)
Armour
 b - a +0 scale mail (worn)
 c - a +0 buckler (worn)
 m - a +2 hat (worn)
Magical Staves
 f - a staff of poison
Jewellery
 l - an amulet of reflection (around neck)
Scrolls
 h - 3 scrolls of vulnerability {unknown}
 i - a scroll of identify {unknown}
 n - a scroll of amnesia {unknown}
Potions
 j - a potion of attraction {unknown}
 k - a potion of resistance {unknown}
 o - a potion of haste {unknown}


   Skills:
 + Level 3.2 Fighting
 + Level 2.0 Axes
 + Level 3.0 Armour
 + Level 3.0 Shields


You had one spell level left.
You didn't know any spells.
Your spell library contained the following spells:

 Spells                   Type           Power      Damage    Failure   Level
 Kiss of Death            Conj/Necr      0%         2d5       88%         1
 Confusing Touch          Hex            0%         N/A       99%         3
 Dispel Undead            Necr           0%         3d6       100%        4


Dungeon Overview and Level Annotations

Branches:
Dungeon (2/15)

Altars:

Annotations:
D:2 Sigmund


Innate Abilities, Weirdness & Mutations

A meltable shield of frost defends you. (SH +0)


Message History

The endoplasm quivers.
You hit the endoplasm.
You kill the endoplasm!
No target in view!
There is a stone staircase leading down here.
Done exploring.
(D) Dungeon
Where to? (? - help)
What level of the Dungeon? (default 1, ? - help)
There is a stone staircase leading down here.
You climb downwards.
There is a stone staircase leading up here.
A kobold comes into view. It is wielding a +0 club.
The kobold shouts!
You hear a shout!
You barely miss the kobold.
Sigmund the Dreaded comes into view.
He is wielding a +0 scythe.
You block the kobold's attack.
You hit the kobold.
You kill the kobold!
Your Shields skill increases to level 3!
Sigmund's eyes start glowing with a red light.
Sigmund casts a spell at you. The puff of flame hits you.
Your condensation shield dissipates!
You feel very mighty all of a sudden.
Sigmund casts a spell.
Sigmund flickers and vanishes!
Deactivating autopickup; reactivate with Ctrl-A.
No target in view!
No target in view!
No target in view!
No target in view!
You miss something. Something hits you.
You slash something! Something hits you.
You closely miss something. Something hits you.
An endoplasm comes into view.
The endoplasm quivers.
You hit something. Something hits you.
You barely miss something. Something hits you!
You die...

######## ###
.......###########.#
#<............<...#.#
#..##..#.#######.###.#
...# ## ###.##.##.##
.... #..##...##.#
...## #.#.).....##
...# #.........# .#..
#.##@J...## . .. #.
##{..## .. #.## ##. .#
.. .# #


You could see an endoplasm.

Vanquished Creatures
  A ball python (D:1)
  4 bats (D:1)
  2 endoplasms (D:1)
  A giant cockroach (D:1)
  A hobgoblin (D:1)
  3 kobolds
  A quokka (D:1)
  A frilled lizard (D:1)
  5 rats (D:1)
19 creatures vanquished.

Notes
Turn   | Place    | Note
-------+----------+-------------------------------------------
     0 | D:1      | jlumianski the Demonspawn Fighter began the quest for the
                  | Orb.
     0 | D:1      | Reached XP level 1. HP: 18/18 MP: 1/1
   201 | D:1      | Gained mutation: A meltable shield of frost defends you.
                  | (SH +0) [demonic ancestry]
   201 | D:1      | Reached XP level 2. HP: 24/24 MP: 2/2
   430 | D:1      | Found a faded altar of an unknown god.
   973 | D:2      | Noticed Sigmund
   982 | D:2      | Slain by Sigmund

Illustrated notes

Levels and vault maps discovered:
D:1:      amcnicky_arrival_single_pillar, layout_basic,
          ebering_ecumenical_altar_ruins
D:2:      layout_loops_ring, basic_altar, uniq_sigmund

Skill      XL: |  1  2 |
---------------+-------+-----
Axes           | 2 |  2.0
Armour         | 3 |  3.0
Shields        | 3 |  3.0
Fighting       | |  3.2

Action                     || total
---------------------------++-------
  Melee: War axe           ||    58
    Use: Potion            ||     1
 Armour: Scale mail        ||    35
  Dodge: Dodged            ||    23
  Block: Buckler           ||    32

Table legend: (Time is in decaauts)
 A = Elapsed time spent in this place.
 B = Non-inter-level travel time spent in this place.
 C = Inter-level travel time spent in this place.
 D = Time resting spent in this place.
 E = Time spent auto-exploring this place.
 F = Levels seen in this place.
 G = Mean time per level.
                   A        B        C        D        E       F      G
               +--------+--------+--------+--------+--------+-----+--------+
         Total |   1008 |    985 |     23 |      0 |    726 |   2 |  504.0 |
       Dungeon |   1008 |    985 |     23 |      0 |    726 |   2 |  504.0 |
               +--------+--------+--------+--------+--------+-----+--------+

Top non-repeatable levels by time:
     D:1: 959 daAuts
     D:2: 48 daAuts
